 Dungeon Crawl Stone Soup version 0.24.0-1-gfbc8707122 (webtiles) character file.

Game seed: 6909871438652551470, levelgen mode: classic

1723 EnegeticOcto the Chopper (level 8, -1/70 HPs)
             Began as a Minotaur Fighter on Oct 27, 2019.
             Was a Follower of Makhleb.
             Slain by Harold
             ... wielding a +0 morningstar
              (20 damage)
             ... on level 8 of the Dungeon.
             The game lasted 00:04:54 (7151 turns).

EnegeticOcto the Chopper (Minotaur Fighter)         Turns: 7151, Time: 00:04:55

Health: -1/70      AC: 12    Str: 28    XL:     8   Next: 75%
Magic:  9/9        EV:  8    Int:  5    God:    Makhleb [*.....]
Gold:   406        SH: 11    Dex: 10    Spells: 7/7 levels left

rFire    . . .     SeeInvis .   a - +1 war axe
rCold    + . .     Gourm    .   c - +0 shield
rNeg     . . .     Faith    .   l - +0 chain mail
rPois    .         Spirit   .   (helmet restricted)
rElec    .         Reflect  .   s - +1 cloak
rCorr    +         Harm     .   (no gloves)
MR       .....                  (no boots)
Stlth    ..........             (no amulet)
HPRegen  0.21/turn              t - ring of resist corrosion
MPRegen  0.11/turn              k - ring of protection from cold

@: mighty
A: retaliatory headbutt, horns 2
a: Renounce Religion


You were on level 8 of the Dungeon.
You worshipped Makhleb.
Makhleb was aware of your devotion.
You were not hungry.

You visited 2 branches of the dungeon, and saw 9 of its levels.

You collected 406 gold pieces.

Inventory:

Hand Weapons
 a - a +1 war axe (weapon)
Missiles
 h - 2 throwing nets (quivered) {!f}
Armour
 c - a +0 shield (worn)
 l - a +0 chain mail (worn)
 s - a +1 cloak (worn)
Jewellery
 k - a ring of protection from cold (right hand)
 t - a ring of resist corrosion (left hand)
Scrolls
 i - a scroll of amnesia
 j - 4 scrolls of magic mapping {@r5 !r}
 m - a scroll of fog {!r}
 p - 2 scrolls of remove curse {@r2}
Potions
 d - a potion of might {@q3 !q}
 f - 2 potions of flight
 n - a potion of mutation {unknown}
 o - 2 potions of curing {unknown}
 q - 2 potions of haste {unknown}
 r - 4 potions of lignification {@q6}
 u - 3 potions of heal wounds {@q2 !q}
 v - a potion of brilliance {unknown}
 w - 2 potions of agility {@q5 !q}
 A - a potion of berserk rage {unknown}
Miscellaneous
 b - a lamp of fire
Comestibles
 e - 7 rations
 g - 6 chunks of flesh


   Skills:
 + Level 6.2 Fighting
 * Level 7.7 Axes
 + Level 6.1 Armour
 + Level 4.3 Dodging
 + Level 6.2 Shields
 * Level 3.7 Invocations


You had 7 spell levels left.
You didn't know any spells.
Your spell library contained the following spells:

 Spells                   Type           Power        Failure   Level  Hunger
 Corona                   Hex            #......      100%        1    ##.....
 Flame Tongue             Conj/Fire      #....        100%        1    ##.....
 Ensorcelled Hibernation  Hex/Ice        #.....       100%        2    ###....
 Throw Flame              Conj/Fire      #.....       100%        2    ###....
 Confuse                  Hex            #.......     100%        3    ####...
 Conjure Flame            Conj/Fire      #.......     100%        3    ####...
 Dazzling Spray           Conj/Hex       #.....       100%        3    ####...
 Inner Flame              Hex/Fire       #.......     100%        3    ####...
 Tukima's Dance           Hex            #.......     100%        3    ####...
 Sticky Flame             Conj/Fire      #.......     100%        4    #####..
 Fireball                 Conj/Fire      #.........   100%        5    ######.


Dungeon Overview and Level Annotations

Branches:
Dungeon (8/15)             Temple (1/1) D:5
   Lair: D:8-11

Altars:
Ashenzari
Cheibriados
Dithmenos
Elyvilon
Fedhas
Gozag
Hepliaklqana
Kikubaaqudgha
Makhleb
Nemelex Xobeh
Okawaru
Qazlal
Ru
Sif Muna
Trog
Uskayaw
Vehumet
Wu Jian
Xom
Yredelemnul
Zin
The Shining One

Shops:
D:4 (   D:7 [

Annotations:
D:8 Harold, Joseph


Innate Abilities, Weirdness & Mutations

You reflexively headbutt those who attack you in melee.
You have a pair of horns on your head.


Message History

Done exploring.
Done exploring.
Done exploring.
Done exploring.
No target in view!
No target in view!
As you read the scroll of identify {@r1}, it crumbles to dust.
x - a potion of degeneration Some of the chunks of flesh in your inventory have rotted away.
Okay, then.
Drop what? 25/52 slots (_ for help) (? for menu, Esc to quit)
You drop a potion of degeneration.
(D) Dungeon (T) Temple
Where to? (Enter - D:7, ? - help)
There is a stone staircase leading down here.
You climb downwards.
There is a stone staircase leading up here.
Key pressed, stopping travel.
You now have 406 gold pieces (gained 16).
Found a ring mail.
A leopard gecko comes into view.
The leopard gecko hisses angrily.
A leopard gecko is nearby!
A leopard gecko is nearby!
You block the leopard gecko's attack.
You slash the leopard gecko!
You kill the leopard gecko!
Makhleb accepts your kill.
No target in view!
No target in view!
No target in view!
No target in view!
Harold the Weathered comes into view.
He is wielding a +0 morningstar and wearing a +0 chain mail of cold resistance.
Harold shouts!
Harold throws a throwing net.
The throwing net hits you.
You become entangled in the net!
Found a pair of gloves.
Things that are here:
a throwing net {!f}; a ring mail You are held in a net!
You are held in a net!
You are held in a net!
You are held in a net!
You are held in a net!
You are held in a net!
You tear a large gash into the net.
An adder comes into view.
Harold casts a spell at you. The harpoon shot hits you!
You are yanked forward by the harpoon shot.
Joseph, a Mercenary comes into view.
He is wielding a +0 quarterstaff.
Joseph shouts!
The adder hisses angrily.
You hear a loud, deep croak!
Joseph unwields a +0 quarterstaff.
Joseph wields a +5 hunting sling of velocity.
Joseph shoots a sling bullet.
The sling bullet hits you.
You see here a sling bullet.
Okay, then.
Okay, then.
Harold throws a throwing net.
The throwing net hits you.
You become entangled in the net!
You see here a throwing net {!f}.
You struggle against the net.
The adder bites you but does no damage.
You struggle against the net.
The adder bites you but does no damage. Harold hits you with a +0 morningstar.
You struggle against the net.
The adder bites you but does no damage.
Joseph shoots a sling bullet.
The sling bullet hits you! Harold hits you with a +0 morningstar!!
The adder bites you but does no damage.
You struggle against the net.
Joseph shoots a sling bullet.
The sling bullet completely misses you. The adder barely misses you.
You furiously retaliate!
You headbutt the adder.
You rip the net and break free!
Harold hits you with a +0 morningstar.
* * * LOW HITPOINT WARNING * * *
Joseph shoots a sling bullet.
You block the sling bullet. The adder bites you but does no damage.
Joseph shoots a sling bullet.
The sling bullet hits you.
* * * LOW HITPOINT WARNING * * *
x2 You see here 2 sling bullets.
Okay, then.
Press: ? - help, v - describe, . - travel
Here: Harold, wielding a +0 morningstar and wearing a +0 chain mail of cold resistance The floor.
Really quaff
d - 2 potions of might {@q3 !q}?
You feel very mighty all of a sudden.
You slash Harold!
Harold is lightly wounded.
You block Harold's attack.
You slice Harold!! You headbutt Harold.
Harold is heavily wounded.
You block Harold's attack.
You hit Harold.
Harold is heavily wounded.
You block Harold's attack.
You slash Harold! Your headbutt misses Harold.
Harold is heavily wounded.
You block Harold's attack.
You barely miss Harold.
Harold is heavily wounded.
Harold hits you with a +0 morningstar!!
You die...

##.####.#. .#. #.###..#.#
###... #...#.<#...
#+######......
###.######.##.............
#......#.............#
###...####.[......[#
#......#.#S@(S...#
#....#...#@##(...#
#.##.#####@######....
#....#.....# ...#
######.##..# ..# #### .# #


You could see Harold, Joseph and an adder.

Vanquished Creatures
  2 sky beasts
  An orc warrior (D:6)
  A phantom (D:7)
  An ogre (D:6)
  A centaur (D:5)
  A bullfrog (D:7)
  A scorpion (D:4)
  A water moccasin skeleton (D:7)
  2 crimson imps
  A jelly (D:6)
  A centaur skeleton (D:3)
  2 bullfrog zombies
  3 orc priests
  Crazy Yiuf (D:3)
  A hound (D:7)
  11 orc wizards
  8 worker ants
  A mummy (D:6)
  A howler monkey zombie (D:5)
  5 adders
  A river rat (D:4)
  A shadow imp (D:7)
  An ooze (D:2)
  A dart slug (D:2)
  5 leopard geckos
  18 orcs
  5 ball pythons
  9 giant cockroaches
  8 goblins
  6 hobgoblins
  9 jackals
  14 kobolds
  A quokka (D:2)
  14 bats
  3 frilled lizards
  A kobold zombie (D:6)
  3 orc zombies (D:6)
  9 rats
  A bush (D:6)
156 creatures vanquished.

Notes
Turn   | Place    | Note
-------+----------+-------------------------------------------
     0 | D:1      | EnegeticOcto the Minotaur Fighter began the quest for the
                  | Orb.
     0 | D:1      | Reached XP level 1. HP: 19/19 MP: 0/0
    22 | D:1      | You fall into a shaft and drop 1 floor!
   120 | D:1      | Reached XP level 2. HP: 26/27 MP: 1/1
   218 | D:1      | Reached skill level 3 in Axes
   353 | D:1      | Reached skill level 1 in Dodging
   426 | D:1      | Reached XP level 3. HP: 33/33 MP: 2/2
  1175 | D:2      | Reached XP level 4. HP: 40/40 MP: 3/3
  1827 | D:3      | Found a runed translucent door.
  1828 | D:3      | Noticed Crazy Yiuf
  1869 | D:3      | Reached skill level 4 in Axes
  2142 | D:3      | Found a bloodstained altar of Trog.
  2163 | D:3      | Reached XP level 5. HP: 43/46 MP: 4/4
  2584 | D:3      | Killed Crazy Yiuf
  2966 | D:4      | Found Kevelunt's Weapon Shop.
  3136 | D:4      | Reached XP level 6. HP: 36/53 MP: 5/5
  3381 | D:4      | Reached skill level 5 in Axes
  3803 | D:4      | Reached skill level 5 in Shields
  3979 | D:5      | Entered Level 5 of the Dungeon
  4142 | D:5      | Reached skill level 5 in Fighting
  4148 | D:5      | Reached skill level 5 in Armour
  4148 | D:5      | Reached XP level 7. HP: 41/61 MP: 6/6
  4501 | D:5      | Reached skill level 6 in Axes
  4527 | D:5      | Found a staircase to the Ecumenical Temple.
  4545 | Temple   | Entered the Ecumenical Temple
  4629 | Temple   | Became a worshipper of Makhleb the Destroyer
  5374 | D:6      | Reached skill level 1 in Invocations
  5914 | D:6      | Reached XP level 8. HP: 69/69 MP: 8/8
  6002 | D:6      | Reached skill level 7 in Axes
  6065 | D:6      | Found a stormy altar of Qazlal.
  6068 | D:6      | Noticed an air elemental
  6097 | D:6      | Found an opulent altar of Gozag.
  6261 | D:6      | Reached * piety under Makhleb
  6470 | D:6      | Found a snail-covered altar of Cheibriados.
  6470 | D:6      | Found a bloodstained altar of Trog.
  6636 | D:7      | Found Gonnomn's Armour Boutique.
  7134 | D:8      | Noticed Harold
  7135 | D:8      | Noticed Joseph
  7151 | D:8      | Slain by Harold

Levels and vault maps discovered:
D:1:      sevenhm_arrival_forest_fort_large_1, layout_loops_ring
D:2:      layout_basic, chequers_garden
D:3:      layout_basic, first_ration, trog_hazing_becter,
          uniq_crazy_yiuf_cottage
D:4:      layout_loops_corners, serial_shops, shop, portal_sewer_entry_e,
          minmay_checkerbox
D:5:      layout_basic, minmay_temple_entry_drinking_statues,
          hangedman_decor_riveting, water_maze_lemuel
D:6:      layout_cave_pools, nicolae_qazlal_style_of_elements,
          grunt_gozag_breadcrumbs, gammafunk_temple_overflow_statue,
          minmay_hedge_maze, minmay_mini_ossuary
D:7:      layout_cave_pools, serial_shops, shop_statue
D:8:      layout_basic, grunt_pizzeria, uniq_joseph, uniq_gastronok,
          uniq_maurice, uniq_harold
Temple:   compressed_dpeg_circular_temple

Skill      XL: |  1  2  3  4  5  6  7  8 |
---------------+-------------------------+-----
Axes           | 3 4 5 6 7 |  7.7
Dodging        | 1 2 3 4 |  4.3
Fighting       | 4 5 6 |  6.2
Shields        | 4 5 6 |  6.2
Armour         | 4 5 6 |  6.1
Invocations    | 2 3 |  3.7

Action                   |  1- 3 |  4- 6 |  7- 9 || total
-------------------------+-------+-------+-------++-------
Melee: War axe           |    80 |   141 |   202 ||   423
       Headbutt          |    14 |    20 |    40 ||    74
  Use: Scroll            |       |     1 |    14 ||    15
       Potion            |       |       |     1 ||     1
  Eat: Chunk             |     1 |     9 |     7 ||    17
       Ration            |       |       |     1 ||     1
Armor: Scale mail        |    22 |       |       ||    22
       Chain mail        |    15 |    91 |    65 ||   171
Dodge: Dodged            |    23 |    50 |    48 ||   121
Block: Shield            |    45 |    92 |    92 ||   229
